 Dungeon Crawl Stone Soup version 0.16.0-16-g311141a (webtiles) character file.

11371 Malachi the Fighter (level 11, -4/97 HPs)
             Began as a Ghoul Gladiator on Mar 18, 2015.
             Was a High Priest of Ru.
             Slain by a sun demon (19 damage)
             ... summoned by an orc sorcerer
             ... on level 4 of the Orcish Mines on Mar 19, 2015.
             The game lasted 00:31:48 (10712 turns).

Malachi the Fighter (Ghoul Gladiator)              Turns: 10712, Time: 00:31:48

Health: -4/97      AC: 10    Str: 30      XL:     11   Next: 76%
Magic:  8/8        EV: 18    Int:  4 (6)  God:    Ru [*****.]
Gold:   1254       SH:  0    Dex:  7      Spells: 0 memorised, 10 levels left

rFire  . . .     SeeInvis .     x - +1 war axe (elec)
rCold  + . .     Clarity  +     A - +1 ring mail of Lietsury {rPois MR- Regen+ Str+7 Int+3}
rNeg   + + +     SustAb   .     (no shield)
rPois  ∞         Gourm    .     c - +0 helmet
rElec  .         Spirit   .     (no cloak)
rCorr  .         Warding  .     (no gloves)
rMut   .         Stasis   .     k - +0 pair of boots
MR     .....                    e - amulet of clarity
Stlth  ++........               (no ring)
                                K - +5 ring of evasion (curse)

@: no potions, rotting, not resistant to hostile enchantments, unstealthy
A: rotting body, claws 1, carnivore 3, clumsy 1, cold resistance 1, negative
energy resistance 3, poison resistance, slow healing 1, torment resistance,
unbreathing, inability to drink while threatened, inability to use devices, no
air magic, no conjurations magic, no hexes magic
a: Draw Out Power, Power Leap, Apocalypse, Renounce Religion


You were on level 4 of the Orcish Mines.
You worshipped Ru.
Ru was extremely pleased with you.
You were not hungry.

You visited 3 branches of the dungeon, and saw 14 of its levels.
You also visited: Ossuary.

You collected 1254 gold pieces.

Inventory:

Hand weapons
 a - a +3 flail
 x - a +1 war axe of electrocution (weapon)
Missiles
 d - 7 throwing nets (quivered)
 y - 5 silver tomahawks
 G - 5 javelins of penetration
Armour
 c - a +0 helmet (worn)
 g - the cursed +2 shield of the Forsaken Songs {rElec rN++ Str+5 Dex+2 Slay-5}
   (You acquired it on level 6 of the Dungeon)

   It affects your strength (+5).
   It affects your dexterity (+2).
   It affects your accuracy and damage with ranged weapons and melee attacks
   (-5).
   It insulates you from electricity.
   It greatly protects you from negative energy.
   It has a curse placed upon it.
 k - a +0 pair of boots (worn)
 A - the +1 ring mail of Lietsury (worn) {rPois MR- Regen+ Str+7 Int+3}
   (You found it on level 7 of the Dungeon)

   It affects your strength (+7).
   It affects your intelligence (+3).
   It protects you from poison.
   It affects your resistance to hostile enchantments.
   It increases your rate of regeneration.
Jewellery
 e - an amulet of clarity (around neck)
 K - a cursed +5 ring of evasion (left claw)
Scrolls
 j - a scroll of magic mapping
 m - a scroll of fear
 p - 4 scrolls of remove curse
 v - a scroll of enchant weapon
 C - 3 scrolls of amnesia
 E - 3 scrolls of identify
 L - a scroll of blinking
Potions
 h - 4 potions of curing
 l - 4 potions of might
 q - 2 potions of restore abilities
 r - a potion of brilliance
 z - a potion of degeneration {unknown}
 F - a potion of flight
Books
 J - a book of Callings

   Spells                             Type                      Level
   a - Summon Small Mammal            Summoning                    1
   b - Call Imp                       Summoning                    2
   c - Call Canine Familiar           Summoning                    3
   d - Summon Guardian Golem          Hexes/Summoning              4
   e - Summon Lightning Spire         Summoning/Air                4
   f - Summon Ice Beast               Ice/Summoning                4
Comestibles
 b - 7 chunks of flesh
 u - 5 meat rations


   Skills:
 + Level 9.4 Fighting
 + Level 9.1(9.5) Axes
 + Level 4.5(7.3) Maces & Flails
 + Level 1.8 Throwing
 + Level 7.7 Armour
 + Level 8.1 Dodging
 + Level 4.4 Stealth


You had 10 spell levels left.
You didn't know any spells.

Dungeon Overview and Level Annotations

Branches:
Dungeon (9/15)             Temple (1/1) D:4             Orc (4/4) D:9
    Elf (0/3) Orc:3
   Lair: D:8-11

Altars:
Ashenzari
Dithmenos
Elyvilon
Fedhas
Gozag
Kikubaaqudgha
Makhleb
Okawaru
Ru
Sif Muna
Xom
Yredelemnul
Zin
The Shining One

Shops:
Orc:4 ([


Innate Abilities, Weirdness & Mutations

Your body is rotting away.
You thrive on raw meat.
You have sharp fingernails.
You are carnivorous and can eat meat at any time.
You are clumsy. (Dex -2)
Your flesh is cold resistant.
You are immune to negative energy.
Your system is resistant to poisons.
You heal slowly when monsters are visible.
You are immune to unholy pain and torment.
You can survive without breathing.
You cannot drink potions while threatened.
You cannot study or use magical devices.
You cannot study or cast Air magic.
You cannot study or cast Conjurations magic.
You cannot study or cast Hexes magic.


Message History

You closely miss the sun demon. You hit the orc sorcerer!
There is a sudden explosion of sparks!
The orc sorcerer is severely wounded.
The sun demon hits you!
You feel threatened and lose the ability to drink potions!
You are engulfed in flames!!
You redirect the orc sorcerer's attack!
The orc sorcerer hits the ynoxinul with a dagger.
You redirect the ynoxinul's attack!
The ynoxinul barely misses you.
You barely miss the orc sorcerer.
The orc sorcerer is severely wounded.
You slash the ynoxinul!!
You kill the ynoxinul!
You hit the sun demon!
The sun demon is moderately wounded.
The sun demon hits you!!
* * * LOW HITPOINT WARNING * * *
You are engulfed in flames!!
You die...

##.......8...........
#..........P.........
##.#...P.....#.......
#....................
....................
................#
.#.#........##.##
.........3...######.#.
.......o.o@)..##.....#.
..........))..#.........
.........................
...........))............
..........)<).......P....
......##..).)......8.....
.............).o...oP....
........$......∩........
...#.............P.....


You could see a sun demon, an orc sorcerer and an orc warrior.

Vanquished Creatures
  Gastronok (D:8)
  Nessos (Orc:4)
  4 orc high priests (Orc:4)
  Pikel (D:5)
  An orc knight (Orc:4)
  An orc sorcerer (Orc:4)
  A rust devil (Orc:4)
  A troll (Orc:2)
  A ynoxinul (Orc:4)
  A spriggan (D:9)
  A wyvern (D:8)
  2 hungry ghosts
  4 wargs
  14 orc warriors
  3 ogres
  A phantom (D:5)
  A slave (D:5)
  A sky beast (D:7)
  Sigmund (D:5)
  Duvessa (D:5)
  3 centaurs
  3 giant frogs
  A water moccasin zombie (Ossuary)
  2 scorpions
  5 bog bodies (Ossuary)
  3 crimson imps
  A vampire bat (D:3)
  A centaur zombie (Ossuary)
  6 giant frog zombies
  Dowan (D:5)
  A quasit (D:5)
  9 orc priests
  4 hounds
  A jelly (D:6)
  5 worker ants
  14 orc wizards
  An iguana (D:7)
  A killer bee zombie (Ossuary)
  A human skeleton (D:5)
  3 hound zombies (Ossuary)
  11 mummies (Ossuary)
  A worker ant zombie (Ossuary)
  12 adders
  An orc zombie (Orc:4)
  A gnoll (D:2)
  3 orc skeletons (Orc:4)
  A shadow imp (D:5)
  4 ufetubi (Orc:4)
  3 worms
  An adder zombie (D:7)
  2 giant geckos
  An ooze (D:3)
  116 orcs
  16 bats
  4 bat skeletons
  5 bat zombies
  3 giant cockroaches
  13 goblins
  14 hobgoblins
  10 jackals
  12 kobolds
  3 quokkas
  A giant cockroach zombie (Ossuary)
  7 giant newts
  A giant spore (D:7)
  2 gnoll zombies (D:3)
  3 jackal skeletons
  2 quokka skeletons
  A quokka zombie (Ossuary)
  11 rats
  A ballistomycete (D:7)
  4 fungi (Orc:4)
378 creatures vanquished.

Vanquished Creatures (others)
  A bog body (Ossuary)
  A worker ant (D:8)
  A giant gecko (D:5)
  An orc (Orc:4)
  A fungus (Orc:4)
  3 plants (Ossuary)
8 creatures vanquished.

Grand Total: 386 creatures vanquished

Notes
Turn   | Place    | Note
--------------------------------------------------------------
     0 | D:1      | Malachi, the Ghoul Gladiator, began the quest for the Orb.
     0 | D:1      | Reached XP level 1. HP: 17/17 MP: 1/1
   163 | D:1      | Reached XP level 2. HP: 19/24 MP: 2/2
   443 | D:1      | Reached skill level 3 in Dodging
  1059 | D:2      | Reached XP level 3. HP: 25/27 MP: 3/3
  1118 | D:2      | Reached skill level 1 in Armour
  1171 | D:2      | Found a white marble altar of Elyvilon.
  1317 | D:2      | Reached XP level 4. HP: 37/37 MP: 3/3
  1802 | D:2      | Reached XP level 5. HP: 36/42 MP: 4/4
  1901 | D:3      | Found a shadowy altar of Dithmenos.
  2746 | D:3      | Reached skill level 1 in Stealth
  2758 | D:3      | Found an ancient bone altar of Kikubaaqudgha.
  2766 | D:3      | Reached XP level 6. HP: 47/49 MP: 5/5
  2837 | D:3      | Found a basalt altar of Yredelemnul.
  2918 | D:4      | Found a shattered altar of Ashenzari.
  2918 | D:4      | Found an opulent altar of Gozag.
  3025 | D:4      | Reached skill level 4 in Dodging
  3157 | D:4      | Found a staircase to the Ecumenical Temple.
  3178 | Temple   | Entered the Ecumenical Temple
  3203 | Temple   | Became a worshipper of Ru the Awakened
  3431 | D:5      | Entered Level 5 of the Dungeon
  3463 | D:5      | Noticed Pikel
  4051 | D:6      | Upgraded the game from 0.16.0-12-g7215832 to 0.16.0-16-g311141a
  4152 | D:6      | Reached XP level 7. HP: 54/57 MP: 5/5
  4255 | D:6      | Reached skill level 1 in Axes
  4751 | D:6      | Identified a scroll of acquirement
  4754 | D:6      | Got a heavily runed shield
  4760 | D:6      | Identified the +2 shield of the Forsaken Songs {rElec rN++ Str+5 Dex+2 Slay-5} (You acquired it on level 6 of the Dungeon)
  4809 | D:6      | Gained mutation: You cannot drink potions while threatened. [Ru sacrifice]
  4809 | D:6      | Acquired Ru's first power
  4886 | D:5      | Killed Pikel
  4886 | D:5      | Reached XP level 8. HP: 51/67 MP: 6/6
  5228 | D:5      | Found an ancient bone altar of Kikubaaqudgha.
  5251 | D:5      | Noticed Sigmund
  5275 | D:5      | Killed Sigmund
  5492 | D:5      | Noticed Dowan
  5493 | D:5      | Noticed Duvessa
  5503 | D:5      | Killed Dowan
  5508 | D:5      | Killed Duvessa
  5508 | D:5      | Reached skill level 5 in Fighting
  5914 | D:5      | Reached skill level 5 in Armour
  6070 | D:5      | Found a sacrificial altar of Ru.
  6261 | D:7      | Reached skill level 5 in Dodging
  6376 | D:7      | Got a heavily runed ring mail
  6387 | D:7      | Identified the +1 ring mail of Lietsury {rPois MR- Regen+ Str+7 Int+3} (You found it on level 7 of the Dungeon)
  6487 | D:7      | Reached XP level 9. HP: 53/74 MP: 7/7
  6904 | D:8      | Gained mutation: You cannot study or cast Air magic. [Ru sacrifice]
  6904 | D:8      | Gained mutation: You cannot study or cast Hexes magic. [Ru sacrifice]
  6904 | D:8      | Gained mutation: You cannot study or cast Conjurations magic. [Ru sacrifice]
  6904 | D:8      | Acquired Ru's second power
  6947 | D:8      | Reached skill level 6 in Armour
  7099 | D:8      | Found a sand-covered staircase.
  7103 | Ossuary  | Entered an ossuary
  7234 | Ossuary  | Reached skill level 5 in Axes
  7983 | D:8      | Noticed Gastronok
  7992 | D:8      | Killed Gastronok
  7992 | D:8      | Reached skill level 7 in Fighting
  7992 | D:8      | Reached XP level 10. HP: 47/86 MP: 7/7
  8400 | D:9      | Found a staircase to the Orcish Mines.
  8710 | Orc:1    | Entered Level 1 of the Orcish Mines
  8901 | Orc:1    | Gained mutation: You cannot study or use magical devices. [Ru sacrifice]
  8901 | Orc:1    | Acquired Ru's third power
  8901 | Orc:1    | Acquired Ru's fourth power
  8901 | Orc:1    | Acquired Ru's fifth power
  9372 | Orc:2    | Reached skill level 8 in Fighting
 10060 | Orc:3    | Found a staircase to the Elven Halls.
 10248 | Orc:3    | Gained mutation: You are clumsy. (Dex -2) [Ru sacrifice]
 10258 | Orc:4    | Entered Level 4 of the Orcish Mines
 10258 | Orc:4    | Found Locukos' Antique Armour Shop.
 10258 | Orc:4    | Noticed an orc high priest
 10260 | Orc:4    | Noticed an orc high priest
 10260 | Orc:4    | Noticed a rust devil
 10262 | Orc:4    | Noticed Nessos
 10268 | Orc:3    | Reached XP level 11. HP: 42/95 MP: 8/8
 10354 | Orc:4    | Killed Nessos
 10357 | Orc:4    | Killed an orc high priest
 10363 | Orc:4    | Killed an orc high priest
 10363 | Orc:4    | Reached skill level 9 in Fighting
 10365 | Orc:4    | Noticed an orc knight
 10366 | Orc:4    | Noticed an orc high priest
 10372 | Orc:4    | Noticed an orc sorcerer
 10496 | Orc:4    | Noticed an orc high priest
 10498 | Orc:4    | Noticed an orc knight
 10500 | Orc:4    | Noticed an orc sorcerer
 10517 | Orc:4    | Killed an orc high priest
 10528 | Orc:4    | Killed an orc sorcerer
 10547 | Orc:4    | Killed an orc high priest
 10547 | Orc:4    | Noticed an orc knight
 10585 | Orc:4    | Found Tolir's Antique Weapon Shoppe.
 10656 | Orc:4    | Killed an orc knight
 10700 | Orc:4    | Noticed an orc sorcerer
 10709 | Orc:4    | Noticed a sun demon
 10712 | Orc:4    | Slain by a sun demon

Action                   |  1- 3 |  4- 6 |  7- 9 | 10-12 || total
-------------------------+-------+-------+-------+-------++-------
Melee: Flail             |   114 |    92 |       |       ||   206
       War axe           |       |    45 |   314 |   231 ||   590
Invok: Sacrifice Drink   |       |       |     1 |       ||     1
       Sacrifice Arcana  |       |       |     1 |       ||     1
       Power Leap        |       |       |       |     3 ||     3
       Sacrifice Purity  |       |       |       |     1 ||     1
       Sacrifice Artific |       |       |       |     1 ||     1
       Apocalypse        |       |       |       |     1 ||     1
  Use: Scroll            |     2 |     6 |    10 |     3 ||    21
       Potion            |       |       |    13 |       ||    13
 Stab: Distracted        |       |       |     1 |     1 ||     2
       Invisible         |       |       |       |     2 ||     2
       Confused          |       |       |       |     1 ||     1
       Paralysed         |       |       |       |     1 ||     1
  Eat: Chunk             |    12 |    16 |    42 |    37 ||   107
       Meat ration       |     1 |       |       |       ||     1
       Royal jelly       |       |       |       |     1 ||     1
       Pizza             |       |       |       |     1 ||     1
